 Dungeon Crawl Stone Soup version 0.21.0-3-g78d12a8 (webtiles) character file.

29626 HungrySpirit the Cleaver (level 12, -5/171 HPs)
             Began as a Deep Dwarf Monk on Jan 9, 2018.
             Was an Elder of Makhleb.
             Slain by a meliai
             ... wielding a +0 war axe
              (6 damage)
             ... on level 3 of the Abyss.
             The game lasted 00:36:11 (10867 turns).

HungrySpirit the Cleaver (Deep Dwarf Monk)         Turns: 10867, Time: 00:36:11

Health: -5/171     AC: 21    Str: 22 (24) XL:     12   Next: 11%
Magic:  0/15       EV:  8    Int: 11 (12) God:    Makhleb [****..]
Gold:   497        SH:  0    Dex: 11      Spells: 11/11 levels left

rFire    . . .     SeeInvis .   M - +1 war axe of Nemelex Xobeh's Regard {elec, rC+ rN+ MR+}
rCold    + + .     Gourm    .   (no shield)
rNeg     + + .     Faith    .   l - +1 plate armour
rPois    .         Spirit   +   v - +2 hat of the Bear Spirit {Spirit, +Rage rN+ MR++}
rElec    .         Reflect  .   i - scarf {repulsion}
rCorr    .         Harm     .   t - +0 pair of gloves
MR       ++++.     Rnd*Tele +   J - +1 pair of boots
Stlth    ..........             (no amulet)
HPRegen  0.00/turn              y - ring of protection from cold
MPRegen  0.14/turn              H - ring of wizardry

@: mighty, berserking, lethally poisoned (-5 -> -24), about to teleport, very
slightly contaminated, non-regenerating, hasted, repel missiles, very quick
A: damage resistance, heal wounds, [blurry vision 3], [clumsy 2], [deterioration
2], sense surroundings 2, [screaming 2], [teleportitis 2], [no potion heal 2],
no regeneration
}: 1/15 runes: abyssal
a: Heal Wounds, Minor Destruction, Lesser Servant of Makhleb, Major Destruction,
Renounce Religion, Evoke Berserk Rage


You were on level 3 of the Abyss.
You worshipped Makhleb.
Makhleb was greatly pleased with you.
You were not hungry.

You visited 3 branches of the dungeon, and saw 13 of its levels.
You visited the Abyss 1 time.

You collected 614 gold pieces.
You spent 117 gold pieces at shops.

Inventory:

Hand Weapons
 E - a +3 hand axe
 F - a +2 vampiric war axe
 M - the +1 war axe of Nemelex Xobeh's Regard (weapon) {elec, rC+ rN+ MR+}
   (You took it off a gnoll on level 10 of the Dungeon)

   Occasionally, upon striking a foe, it will discharge some electrical energy
   and cause terrible harm.
   It protects you from cold.
   It protects you from negative energy.
   It affects your resistance to hostile enchantments.
 N - a +3 battleaxe of freezing
Missiles
 j - 5 javelins of penetration (quivered)
Armour
 i - a scarf of repulsion (worn)
 l - a +1 plate armour (worn)
 t - a +0 pair of gloves (worn)
 v - the +2 hat of the Bear Spirit (worn) {Spirit, +Rage rN+ MR++}
   (You found it on level 5 of the Dungeon)

   It protects you from negative energy.
   It affects your resistance to hostile enchantments.
   It lets you go berserk.
 J - a +1 pair of boots (worn)
Jewellery
 y - a ring of protection from cold (left hand)
 H - a ring of wizardry (right hand)
 P - an uncursed ring of fire {unknown}
Wands
 n - a wand of flame (55)
 B - a wand of paralysis (5)
 G - a wand of enslavement (19)
 I - a wand of digging (23)
 L - a wand of polymorph (13)
Scrolls
 a - a scroll of fog {unknown}
 d - 4 scrolls of teleportation
 k - 3 scrolls of enchant armour
 o - 2 scrolls of enchant weapon
 w - a scroll of immolation {unknown}
 x - 2 scrolls of torment {unknown}
 C - 2 scrolls of random uselessness {unknown}
 K - 2 scrolls of amnesia {unknown}
 O - a scroll of identify
Potions
 b - a potion of mutation {unknown}
 e - 2 potions of flight
 g - 2 potions of agility {unknown}
 m - a potion of lignification
 p - 3 potions of heal wounds
 q - a potion of berserk rage
 s - 2 potions of brilliance
 z - 2 potions of cancellation {unknown}
 D - a potion of ambrosia {unknown}
Comestibles
 c - 26 rations


   Skills:
 + Level 9.0 Fighting
 * Level 14.1 Axes
 + Level 9.5 Armour
 - Level 3.2 Dodging
 - Level 2.4 Stealth
 + Level 10.6 Invocations


You had 11 spell levels left.
You didn't know any spells.

Dungeon Overview and Level Annotations

Branches:
Dungeon (11/15)            Temple (1/1) D:4            Lair (1/6) D:10
    Orc: D:9-12

Altars:
Ashenzari
Cheibriados
Dithmenos
Hepliaklqana
Kikubaaqudgha
Makhleb
Nemelex Xobeh
Okawaru
Qazlal
Ru
Sif Muna
Trog
Uskayaw
Vehumet
Wu Jian
Yredelemnul
Zin
The Shining One

Shops:
D:4 !

Annotations:
D:3 Grinder
Lair:1 Nergalle


Innate Abilities, Weirdness & Mutations

You are resistant to damage.
You can heal yourself by infusing magical energy.
You passively map the area around you.
You do not regenerate.
[Scrolls take you much longer to read.]
[You are very clumsy. (Dex -4)]
[Your body often deteriorates upon taking damage.]
[You sometimes yell uncontrollably at your foes.]
[You are sometimes teleported next to monsters.]
[Potions are poor at restoring your health.]


Message History

The meliai barely misses you. The meliai closely misses you.
The meliai hits you with a broad axe.
* * * LOW HITPOINT WARNING * * *
The meliai stings you!
* * * LOW HITPOINT WARNING * * *
The green very ugly thing pecks your hellwing!
The meliai hits you with a war axe!
* * * LOW HITPOINT WARNING * * *
The meliai closely misses you. Something hits your hellwing.
Something barely misses your hellwing.
Something hits your hellwing but does no damage.
Your hellwing hits the killer bee. x2; The meliai hits you with a broad axe!
* * * LOW HITPOINT WARNING * * *
The meliai stings you.
You slash the meliai!
The meliai is almost dead.
You slash the meliai!
* * * LOW HITPOINT WARNING * * *
You feel sick. The meliai hits you with a war axe. The meliai stings you!
You die...

### ###.### ##
##%y#.%##
#.##.4u.u..##.##
#.*y#. .# ..# ##
##y###.# .###u#
#@yv# ..# ..#.4.
#...#...#...#...#..#
##.###.###. ##.# # #
.. ..#. v#... .) ..#
#... ...#... #.#
#.### # .# # .. ...
.. .. . ... .. .. ..
) ... .# .#


You could see a green very ugly thing, a wretched star, a queen bee, 2 meliai,
an insubstantial wisp, a killer bee (berserk) and a friendly hellwing.

Vanquished Creatures
  A very ugly thing (Abyss:3)
  4 two-headed ogres
  A wretched star (Abyss:3)
  Joseph (D:8)
  A centaur skeleton (D:10)
  A spiny frog (Lair:1)
  A troll (D:9)
  3 hippogriffs
  13 yaks (D:10)
  3 humans (D:7)
  4 hogs (D:7)
  A hungry ghost (D:9)
  3 water moccasins
  4 porcupines
  An ice beast (D:10)
  3 orc warriors
  3 sky beasts
  A phantom (D:9)
  3 black bears
  A necrophage (D:9)
  3 wolves (Lair:1)
  2 ogres
  2 crocodiles
  A big kobold (D:10)
  A wyvern zombie (D:10)
  6 bullfrogs
  A water moccasin zombie (D:9)
  4 scorpions
  21 killer bees
  2 howler monkeys
  9 wights
  2 bullfrog zombies
  5 crimson imps
  7 hounds
  2 jellies
  7 orc wizards
  A quasit (D:10)
  4 bullfrog skeletons
  4 orc priests
  An iguana (D:6)
  Jessica (D:2)
  Terence (D:3)
  8 worker ants
  A hound zombie (D:8)
  A worker ant zombie (D:7)
  12 gnolls
  10 adders
  3 shadow imps
  An ooze (D:5)
  An adder zombie (D:9)
  An adder skeleton (D:5)
  5 worms
  3 dart slugs
  6 leopard geckos
  30 orcs
  5 giant cockroaches
  12 goblins
  7 hobgoblins
  14 jackals
  8 quokkas
  A ball python (D:2)
  2 ball python skeletons (D:4)
  4 bats
  4 frilled lizards
  A giant cockroach zombie (D:5)
  9 kobolds
  A leopard gecko skeleton (D:7)
  11 rats
  2 fungi
303 creatures vanquished.

Vanquished Creatures (collateral kills)
  A deep elf sorcerer (Abyss:3)
  A very ugly thing (Abyss:3)
  An ancient zyme (Abyss:3)
  3 meliai (Abyss:3)
  3 killer bees (Abyss:3)
9 creatures vanquished.

Vanquished Creatures (others)
  A killer bee (Abyss:3)
  A kobold (D:1)
  51 fungi (D:10)
  45 plants (D:10)
98 creatures vanquished.

Grand Total: 410 creatures vanquished

Notes
Turn   | Place    | Note
-------+----------+-------------------------------------------
     0 | D:1      | HungrySpirit the Deep Dwarf Monk began the quest for the Orb.
     0 | D:1      | Reached XP level 1. HP: 20/20 MP: 1/1
    80 | D:1      | Reached XP level 2. HP: 13/27 MP: 2/2
   231 | D:1      | Reached skill level 4 in Axes
   510 | D:1      | Reached XP level 3. HP: 34/34 MP: 3/3
  1118 | D:2      | Noticed Jessica
  1171 | D:1      | Reached XP level 4. HP: 22/42 MP: 4/4
  1344 | D:2      | Reached skill level 5 in Axes
  1755 | D:2      | Killed Jessica
  1755 | D:2      | Reached XP level 5. HP: 38/50 MP: 5/5
  1959 | D:3      | Found a shattered altar of Ashenzari.
  2118 | D:3      | Noticed Grinder
  2118 | D:3      | Noticed Terence
  2240 | D:3      | Reached skill level 6 in Axes
  2271 | D:3      | Killed Terence
  2439 | D:3      | Found a snail-covered altar of Cheibriados.
  2587 | D:4      | Reached XP level 6. HP: 19/57 MP: 6/6
  2843 | D:4      | Reached skill level 7 in Axes
  3005 | D:4      | Found a staircase to the Ecumenical Temple.
  3030 | Temple   | Entered the Ecumenical Temple
  3091 | Temple   | Became a worshipper of Makhleb the Destroyer
  3091 | Temple   | Reached * piety under Makhleb
  3091 | Temple   | Reached ** piety under Makhleb
  3132 | D:4      | Found Pashieg's Distillery.
  3140 | D:4      | Bought a potion of heal wounds for 65 gold pieces
  3140 | D:4      | Bought a potion of might for 52 gold pieces
  3433 | D:5      | Entered Level 5 of the Dungeon
  3456 | D:5      | Reached skill level 1 in Armour
  3468 | D:5      | Reached XP level 7. HP: 21/66 MP: 7/7
  3590 | D:5      | Reached skill level 1 in Invocations
  3685 | D:5      | Found the +2 hat of the Bear Spirit {Spirit, +Rage rN+ MR++}
  4598 | D:5      | Reached skill level 5 in Fighting
  4598 | D:5      | Reached skill level 8 in Axes
  5074 | D:6      | Reached XP level 8. HP: 65/74 MP: 0/10
  5225 | D:6      | Found a stormy altar of Qazlal.
  5226 | D:6      | Noticed an air elemental
  5255 | D:6      | Found a bloodstained altar of Trog.
  5370 | D:6      | Found a glowing golden altar of the Shining One.
  5691 | D:6      | Found a snail-covered altar of Cheibriados.
  5700 | D:6      | Reached *** piety under Makhleb
  5827 | D:7      | Reached skill level 9 in Axes
  6140 | D:7      | Reached skill level 5 in Armour
  6295 | D:7      | Reached skill level 5 in Invocations
  6295 | D:7      | Gained mutation: You passively map the area around you. [Deep Dwarf growth]
  6295 | D:7      | Reached XP level 9. HP: 82/82 MP: 0/12
  6409 | D:7      | Found an iron altar of Okawaru.
  6422 | D:7      | Reached skill level 10 in Axes
  6914 | D:7      | Noticed a moth of wrath
  6990 | D:7      | Found a bloodstained altar of Trog.
  7042 | D:8      | Noticed a two-headed ogre
  7139 | D:8      | Noticed a two-headed ogre
  7146 | D:8      | Killed a two-headed ogre
  7146 | D:8      | Reached skill level 11 in Axes
  7146 | D:8      | Reached XP level 10. HP: 92/92 MP: 0/15
  7181 | D:8      | Found a sparkling altar of Nemelex Xobeh.
  7254 | D:8      | Noticed Joseph
  7301 | D:8      | Killed Joseph
  7618 | D:8      | Reached **** piety under Makhleb
  7846 | D:8      | Killed a two-headed ogre
  8304 | D:9      | Noticed a two-headed ogre
  8454 | D:9      | Killed a two-headed ogre
  8454 | D:9      | Reached skill level 12 in Axes
  8660 | D:9      | Found a sacrificial altar of Ru.
  8742 | D:9      | Reached XP level 11. HP: 102/102 MP: 0/17
  9116 | D:10     | Entered Level 10 of the Dungeon
  9267 | D:10     | Reached ***** piety under Makhleb
  9343 | D:10     | Noticed a two-headed ogre
  9352 | D:10     | Killed a two-headed ogre
  9475 | D:10     | Found a deep blue altar of Sif Muna.
  9641 | D:10     | Reached skill level 13 in Axes
  9728 | D:10     | Got an ancient war axe {elec}
  9781 | D:10     | Found a staircase to the Lair.
 10008 | D:11     | Noticed a two-headed ogre
 10008 | D:11     | Noticed a two-headed ogre
 10071 | Lair:1   | Entered Level 1 of the Lair of Beasts
 10159 | Lair:1   | Reached skill level 10 in Invocations
 10285 | Lair:1   | Noticed a seven-headed hydra
 10380 | D:10     | Identified the cursed +1 war axe of Nemelex Xobeh's Regard {elec, rC+ rN+ MR+} (You took it off a gnoll on level 10 of the Dungeon)
 10422 | D:11     | Noticed a four-headed hydra
 10616 | Lair:1   | Noticed Nergalle
 10650 | Lair:1   | Cast into level 3 of the Abyss (Nergalle)
 10666 | Abyss:3  | Noticed a deep elf sorcerer
 10678 | Abyss:3  | Killed a deep elf sorcerer
 10724 | Abyss:3  | Noticed a large abomination
 10725 | Abyss:3  | Noticed a blizzard demon
 10744 | Abyss:3  | Noticed a green very ugly thing
 10748 | Abyss:3  | Noticed a wretched star
 10753 | Abyss:3  | Noticed a green very ugly thing
 10755 | Abyss:3  | Killed a green very ugly thing
 10787 | Abyss:3  | Killed a green very ugly thing
 10787 | Abyss:3  | Reached XP level 12. HP: 112/112 MP: 0/15
 10797 | Abyss:3  | Reached skill level 14 in Axes
 10824 | Abyss:3  | Noticed a green very ugly thing
 10845 | Abyss:3  | Got an abyssal rune of Zot
 10866 | Abyss:3  | HP: 3/171 [meliai/broad axe (10)]
 10867 | Abyss:3  | HP: 1/171 [poisoned by a meliai]
 10867 | Abyss:3  | Slain by a meliai

Skill      XL: |  1  2  3  4  5  6  7  8  9 10 11 12 |
---------------+-------------------------------------+-----
Fighting       | 3 4 5 6 7 8 9 |  9.0
Axes           | 4 5 6 7 8 9 11 12 13 14 | 14.1
Armour         | 1 3 5 6 8 9 |  9.5
Invocations    | 2 5 7 8 10 | 10.6
Dodging        | |  3.2
Stealth        | |  2.4

Action                   |  1- 3 |  4- 6 |  7- 9 | 10-12 || total
-------------------------+-------+-------+-------+-------++-------
Melee: Hand axe          |   187 |   281 |   494 |       ||   962
       War axe           |       |       |     4 |   625 ||   629
Throw: Javelin           |       |       |     1 |       ||     1
Invok: Lesser Servant of |       |       |       |    16 ||    16
       Minor Destruction |       |       |       |     1 ||     1
 Abil: Heal Wounds       |     1 |     2 |     2 |    16 ||    21
       Evoke Berserk Rag |       |       |    12 |     6 ||    18
Evoke: Wand              |       |       |     7 |     7 ||    14
  Use: Scroll            |       |    13 |     3 |     8 ||    24
       Potion            |       |     1 |       |    10 ||    11
 Stab: Invisible         |       |     5 |       |       ||     5
       Paralysed         |       |       |     6 |     8 ||    14
       Distracted        |       |       |       |     1 ||     1
  Eat: Chunk             |     1 |     8 |    17 |    23 ||    49
       Ration            |       |       |     4 |     1 ||     5
Armor: Robe              |     9 |       |       |       ||     9
       Plate armour      |    85 |   171 |   311 |   509 ||  1076
       Leather armour    |     9 |       |       |       ||     9
Dodge: Dodged            |    87 |    59 |   140 |   262 ||   548
